 Dungeon Crawl Stone Soup version 0.28-a0-1396-gdcb3f3653b (webtiles) character file.

Game seed: 1345495486172561007

33579 Conn the Thaumaturge (level 13, -7/77 HPs)
             Began as an Octopode Fire Elementalist on Jan 4, 2022.
             Was an Elder of Sif Muna.
             Mangled by a black mamba (17 damage)
             ... on level 4 of the Lair of Beasts on Jan 5, 2022.
             The game lasted 00:50:10 (19279 turns).

Conn the Thaumaturge (Octopode Fire Elementalist)  Turns: 19279, Time: 00:50:17

Health: -7/77      AC:  5    Str:  7    XL:     13   Next: 71%
Magic:  21/28      EV: 23    Int: 22    God:    Sif Muna [****..]
Gold:   780        SH:  5    Dex: 13    Spells: 6/35 levels left

rFire   + . .      SeeInvis .   b - staff of conjuration
rCold   . . .      Faith    .   (no shield)
rNeg    + . .      Spirit   .   (helmet restricted)
rPois   +          Reflect  +   p - amulet of reflection
rElec   .          Harm     .   o - ring of fire
rCorr   .          Rampage  .   v - ring of poison resistance
Will    +....                   x - ring of positive energy
Stlth   ++++......              y - +4 ring of evasion
HPRegen 0.22/turn               D - +4 ring of evasion
MPRegen 0.21/turn               l - ring of willpower
                                G - +4 ring of protection
                                K - ring of protection from cold

@: no status effects
A: almost no armour, amphibious, 8 rings, camouflage 1, gelatinous body 1,
(nimble swimmer 1), tentacles
a: Renounce Religion, Channel Magic, Forget Spell, Divine Exegesis


You were on level 4 of the Lair of Beasts.
You worshipped Sif Muna.
Sif Muna was greatly pleased with you.
You visited 3 branches of the dungeon, and saw 16 of its levels.

You collected 978 gold pieces.
You spent 198 gold pieces at shops.

Inventory:

Hand Weapons
 a - a +8 dagger of freezing
 c - a +0 dagger
 u - a +0 dagger of venom
 M - the +8 quarterstaff "Xutiase" {venom, rN+}
   (You bought it in a shop on level 9 of the Dungeon)

   It poisons the flesh of those it strikes.
   rN:        It protects you from negative energy.
Magical Staves
 b - a staff of conjuration (weapon)
Jewellery
 l - a ring of willpower (on tentacle)
 m - a ring of positive energy
 o - a ring of fire (left tentacle)
 p - an amulet of reflection (around mantle)
 s - an amulet of magic regeneration
 v - a ring of poison resistance (right tentacle)
 x - a ring of positive energy (on tentacle)
 y - a +4 ring of evasion (on tentacle)
 D - a +4 ring of evasion (on tentacle)
 F - an amulet of the acrobat
 G - a +4 ring of protection (on tentacle)
 K - a ring of protection from cold (on tentacle)
 N - the amulet "Bohusk" {Acrobat -Tele rPois rN+}
   (You found it on level 1 of the Lair of Beasts)

   [amulet of the acrobat]

   It increases your evasion while moving and waiting.
   rPois:     It protects you from poison.
   rN:        It protects you from negative energy.
   -Tele:     It prevents most forms of teleportation.
 O - a ring of see invisible
 R - a ring of flight
 U - a ring of positive energy
Wands
 r - a wand of flame (12)
 A - a wand of acid (3)
 L - a wand of polymorph (6)
 S - a wand of mindburst (6)
Scrolls
 d - a scroll of magic mapping
 g - 6 scrolls of teleportation
 h - a scroll of identify
 t - a scroll of immolation
 w - 2 scrolls of holy word
 B - a scroll of enchant armour
 C - a scroll of fear
 Q - 2 scrolls of blinking
 T - a scroll of silence
Potions
 e - a potion of cancellation
 f - a potion of mutation
 i - a potion of resistance
 j - 3 potions of haste
 k - 4 potions of attraction
 n - a potion of magic
 q - a potion of ambrosia
 z - 2 potions of brilliance
 E - a potion of flight
 H - 3 potions of might
 I - a potion of curing
 J - a potion of berserk rage
 P - 2 potions of heal wounds


   Skills:
 + Level 3.0 Fighting
 + Level 2.0 Short Blades
 + Level 1.7 Staves
 + Level 5.9 Dodging
 + Level 6.5 Stealth
 + Level 2.2 Shields
 + Level 11.5 Spellcasting
 + Level 9.9 Conjurations
 + Level 5.1 Hexes
 + Level 3.9 Summonings
 + Level 0.7 Transmutations
 + Level 11.5 Fire Magic
 + Level 3.8 Ice Magic
 + Level 0.3 Air Magic
 + Level 1.9 Poison Magic
 - Level 6.0 Invocations
 + Level 1.1 Evocations


You had 6 spell levels left.
You knew the following spells:

 Your Spells              Type           Power      Damage    Failure   Level
a - Foxfire               Conj/Fire      100%       2x1d9     1%          1
b - Conjure Flame         Conj/Fire      94%        6-21      1%          3
c - Inner Flame           Hex/Fire       65%        N/A       1%          3
d - Flame Wave            Conj/Fire      94%        2d13      1%          4
e - Scorch                Fire           100%       2d10      1%          2
f - Summon Guardian Gole  Hex/Summ       32%        N/A       2%          3
g - Hailstorm             Conj/Ice       59%        3d13      3%          4
h - Call Canine Familiar  Summ           30%        N/A       3%          3
i - Mephitic Cloud        Conj/Pois/Air  46%        N/A       2%          3
j - Ignite Poison         Fire/Tmut/Pois 50%        N/A       2%          3

Your spell library contained the following spells:

 Spells                   Type           Power      Damage    Failure   Level
 Freeze                   Ice            100%       1d11      1%          1
 Shock                    Conj/Air       100%       1d9       1%          1
 Slow                     Hex            100%       N/A       1%          1
 Summon Small Mammal      Summ           100%       N/A       1%          1
 Ensorcelled Hibernation  Hex/Ice        64%        N/A       1%          2
 Confusing Touch          Hex            35%        N/A       1%          3
 Tukima's Dance           Hex            35%        N/A       1%          3
 Frozen Ramparts          Ice            58%        1d7       3%          3
 Pain                     Necr           48%        1d6       5%          1
 Gell's Gravitas          Tloc           12%        N/A       16%         3
 Teleport Other           Tloc           12%        N/A       16%         3
 Vampiric Draining        Necr           12%        2d6       16%         3
 Ice Form                 Ice/Tmut       22%        N/A       21%         4
 Freezing Cloud           Conj/Ice/Air   25%        6-21      21%         5
 Agony                    Necr           12%        N/A       82%         5
 Excruciating Wounds      Necr           6%         N/A       82%         5
 Manifold Assault         Tloc           12%        N/A       82%         5
 Simulacrum               Ice/Necr       10%        N/A       98%         6
 Dispersal                Tloc           6%         N/A       100%        6
 Enfeeble                 Hex            17%        N/A       99%         7


Dungeon Overview and Level Annotations

Branches:
Dungeon (11/15)            Temple (1/1) D:5            Lair (4/6) D:8
  Swamp (0/4) Lair:4       Spider (0/4) Lair:4          Orc (0/2) D:11

Altars:
Ashenzari
Cheibriados
Dithmenos
Elyvilon
Fedhas
Gozag
Hepliaklqana
Kikubaaqudgha
Makhleb
Nemelex Xobeh
Okawaru
Qazlal
Ru
Sif Muna
Trog
Uskayaw
Vehumet
Wu Jian
Xom
Yredelemnul
Zin
The Shining One

Shops:
D:1 :   D:9 *


Innate Abilities, Weirdness & Mutations

You cannot wear most types of armour.
You are amphibious.
You can wear up to eight rings at the same time.
Your skin changes colour to match your surroundings (Stealth+).
Your rubbery body absorbs attacks. (AC +1, EV +1)
((You are camouflaged when in or above water. (Stealth+)))
You have tentacles for arms and can constrict up to eight enemies at once.


Message History

Flame seeps out of the black mamba.
You block the black mamba's attack.
Unknown command.
Casting: Foxfire (safe; 1% risk of failure)
Confirm with . or Enter, or press ? or * to list all spells.
You feel a strong surge of power!
You conjure some foxfire!
The black mamba bites you!
You are poisoned.
The black mamba poisons you! The black mamba barely misses you.
Unknown command.
You feel very sick.
The foxfire hits the black mamba.
Flame seeps out of the black mamba.
The black mamba is heavily wounded.
The foxfire hits the black mamba.
Flame seeps out of the black mamba.
The black mamba is heavily wounded.
The black mamba is engulfed in blazing flames.
Flame seeps out of the black mamba.
The black mamba bites you!
Casting: Foxfire (safe; 1% risk of failure)
Confirm with . or Enter, or press ? or * to list all spells.
You feel a strong surge of power!
You conjure some foxfire!
You feel very sick. The black mamba closely misses you.
Unknown command.
You feel very sick.
The foxfire hits the black mamba.
Flame seeps out of the black mamba.
The black mamba is severely wounded.
The foxfire hits the black mamba.
Flame seeps out of the black mamba.
The black mamba is severely wounded.
The black mamba is engulfed in blazing flames.
Flame seeps out of the black mamba.
The black mamba barely misses you.
Casting: Foxfire (safe; 1% risk of failure)
Confirm with . or Enter, or press ? or * to list all spells.
Okay, then.
You feel better. The black mamba bites you. The black mamba closely misses you.
Casting: Foxfire (safe; 1% risk of failure)
Confirm with . or Enter, or press ? or * to list all spells.
You feel a strong surge of power!
You conjure some foxfire!
The black mamba bites you!!
* * * LOW HITPOINT WARNING * * *
The black mamba bites you!
You die...

#..### #
####+.#.##(##
#...........#
##..........#
######..........P
#................
##..............#
#..##.#..##+#.#.
##@##.##### ##
#vSv###.#
##°.....#
##..♣♣♣≈♣♣
#...♣.§§§♣♣
##.♣≈§§§§.♣
#♣♣≈≈§§≈≈≈♣
♣≈§§§§≈≈♣
≈§≈≈§§≈≈≈


You could see a black mamba (inner flame, ally target).

Vanquished Creatures
  4 hydras
  A two-headed ogre (D:11)
  A manticore (D:11)
  17 elephants
  A black mamba (Lair:3)
  A torpor snail (Lair:1)
  9 cane toads
  A molten gargoyle (Lair:1)
  2 rime drakes
  3 komodo dragons
  A troll (D:10)
  A hornet (D:8)
  A polar bear (Lair:3)
  4 blink frogs (Lair:3)
  2 spriggans (Lair:3)
  A vampire (D:9)
  40 yaks
  2 wyverns (Lair:1)
  5 basilisks
  2 redbacks (Lair:4)
  2 fire bats (Lair:1)
  A steam dragon (D:7)
  4 vampire mosquitoes (Lair:4)
  Menkaure (D:6)
  3 acid dragons
  7 water moccasins
  Duvessa (D:5)
  A hornet zombie (D:8)
  An ice beast (D:6)
  3 orc warriors
  2 necrophages
  4 black bears
  8 wolves
  3 ogres
  3 centaurs
  A phantom (D:5)
  2 kobold brigands
  Blork the orc (D:6)
  8 bullfrogs
  A wyvern zombie (D:8)
  5 scorpions
  Dowan (D:5)
  18 wights
  3 howler monkeys
  5 electric eels (D:9)
  A vampire bat (Lair:1)
  5 centaur zombies
  4 jellies
  2 hounds (D:4)
  A bullfrog skeleton (D:4)
  A centaur skeleton (D:7)
  5 orc priests
  Natasha (thrice) (D:3)
  4 iguanas
  4 orc wizards
  2 howler monkey zombies
  8 adders
  A shadow imp (D:6)
  2 white imps
  3 dart slugs
  11 orcs
  7 ball pythons
  14 bats
  8 endoplasms
  6 giant cockroaches
  6 goblins
  6 hobgoblins
  4 jackals (D:1)
  8 kobolds
  6 quokkas
  4 frilled lizards
  A rat (D:1)
315 creatures vanquished.

Vanquished Creatures (collateral kills)
  A fire elemental (Lair:1)
  11 foxfires
12 creatures vanquished.

Vanquished Creatures (others)
  A boulder beetle (D:11)
  An oklob plant (Lair:2)
  3 elephants
  A vampire mosquito (Lair:4)
  A wolf (Lair:1)
  2 bushes (Lair:2)
  1204 foxfires
  28 fungi
  38 plants
1279 creatures vanquished.

Grand Total: 1606 creatures vanquished

Notes
Turn   | Place    | Note
-------+----------+-------------------------------------------
     0 | D:1      | Conn the Octopode Fire Elementalist began the quest for the
                  | Orb.
     0 | D:1      | Reached XP level 1. HP: 11/11 MP: 3/3
   303 | D:1      | Reached XP level 2. HP: 9/17 MP: 0/5
   778 | D:1      | Found a faded altar of an unknown god.
   788 | D:1      | Got Plato's Incunabulum of Flight
   792 | D:1      | Reached XP level 3. HP: 21/21 MP: 3/6
   936 | D:1      | Found Fierohat's Book Boutique.
  1541 | D:1      | Learned a level 3 spell: Conjure Flame
  1545 | D:1      | Learned a level 3 spell: Inner Flame
  1796 | D:2      | Reached XP level 4. HP: 27/27 MP: 3/8
  2587 | D:3      | Noticed Natasha
  2592 | D:3      | Killed Natasha
  2721 | D:3      | Reached XP level 5. HP: 31/31 MP: 4/9
  2748 | D:3      | Noticed Natasha
  2754 | D:3      | Killed Natasha
  2905 | D:3      | Noticed Natasha
  2908 | D:3      | Killed Natasha
  3211 | D:3      | Reached XP level 6. HP: 30/36 MP: 7/11
  3681 | D:4      | Reached XP level 7. HP: 4/41 MP: 9/13
  4556 | D:5      | Entered Level 5 of the Dungeon
  4811 | D:5      | Found a blossoming altar of Fedhas.
  4981 | D:5      | Reached skill level 1 in Fighting
  4985 | D:5      | Reached skill level 5 in Fire Magic
  4985 | D:5      | Reached XP level 8. HP: 27/48 MP: 2/15
  4985 | D:5      | Noticed Dowan
  5117 | D:4      | Learned a level 4 spell: Flame Wave
  5120 | D:4      | Learned a level 2 spell: Scorch
  5129 | D:5      | Noticed Duvessa
  5267 | D:5      | Killed Duvessa
  5268 | D:5      | Reached skill level 5 in Spellcasting
  5268 | D:5      | Reached skill level 5 in Conjurations
  5744 | D:6      | Noticed Blork the orc
  5752 | D:6      | Killed Blork the orc
  5871 | D:6      | Noticed Menkaure
  5874 | D:6      | Killed Menkaure
  5875 | D:6      | Reached skill level 1 in Hexes
  6338 | D:6      | Reached skill level 1 in Evocations
  6338 | D:6      | Reached XP level 9. HP: 53/53 MP: 10/18
  6777 | D:5      | Found a staircase to the Ecumenical Temple.
  6787 | Temple   | Entered the Ecumenical Temple
  7001 | Temple   | Became a worshipper of Sif Muna the Loreminder
  7321 | D:5      | Killed Dowan
  7322 | D:5      | Reached skill level 5 in Stealth
  8411 | D:8      | Reached * piety under Sif Muna
  8525 | D:8      | Reached skill level 1 in Staves
  8791 | D:8      | Reached XP level 10. HP: 51/60 MP: 17/21
  9368 | D:8      | Reached skill level 1 in Shields
  9566 | D:8      | Found a staircase to the Lair.
 10273 | D:9      | Reached ** piety under Sif Muna
 10624 | D:9      | Found Ewkulof's Assorted Antiques.
 10629 | D:9      | Bought a steaming quarterstaff for 198 gold pieces
 10629 | D:9      | Identified the +8 quarterstaff "Xutiase" {venom, rN+} (You
                  | bought it in a shop on level 9 of the Dungeon)
 11193 | D:10     | Entered Level 10 of the Dungeon
 11231 | D:10     | Reached XP level 11. HP: 64/64 MP: 11/24
 11840 | D:10     | Learned a level 3 spell: Summon Guardian Golem
 11845 | D:10     | Learned a level 4 spell: Hailstorm
 11849 | D:10     | Learned a level 3 spell: Call Canine Familiar
 12091 | D:11     | Reached skill level 1 in Summonings
 12091 | D:11     | Reached skill level 1 in Invocations
 12198 | D:11     | Found a basalt altar of Yredelemnul.
 12238 | D:11     | Noticed a four-headed hydra
 12251 | D:11     | Killed a four-headed hydra
 12252 | D:11     | Reached skill level 1 in Ice Magic
 12352 | D:11     | Noticed a boulder beetle
 12419 | D:11     | Killed a boulder beetle
 12594 | D:11     | Found a staircase to the Orcish Mines.
 12794 | D:11     | Noticed a manticore
 12811 | D:11     | Killed a manticore
 12973 | D:11     | Identified the +1 ring mail "Efuuts" {+Inv Will++}
 13037 | D:11     | Noticed a two-headed ogre
 13044 | D:11     | Killed a two-headed ogre
 13254 | D:11     | Learned a level 3 spell: Mephitic Cloud
 13258 | D:11     | Learned a level 3 spell: Ignite Poison
 13513 | Lair:1   | Entered Level 1 of the Lair of Beasts
 13701 | Lair:1   | Upgraded the game from 0.28-a0-1395-g4f6bc678fa to
                  | 0.28-a0-1396-gdcb3f3653b
 13876 | Lair:1   | Got Nuijita's Guide on Flying Dislocation
 14032 | Lair:1   | Identified the amulet "Bohusk" {Acrobat -Tele rPois rN+}
 14364 | Lair:1   | Reached XP level 12. HP: 59/70 MP: 10/25
 14572 | Lair:1   | Noticed a seven-headed hydra
 14611 | Lair:2   | Reached skill level 5 in Dodging
 14823 | Lair:2   | Reached skill level 10 in Spellcasting
 14921 | Lair:2   | Reached *** piety under Sif Muna
 14926 | Lair:2   | Reached skill level 5 in Invocations
 15570 | Lair:1   | Killed a seven-headed hydra
 16010 | Lair:2   | Reached skill level 10 in Fire Magic
 16309 | Lair:2   | Noticed a five-headed hydra
 16360 | Lair:2   | Killed a five-headed hydra
 17005 | Lair:3   | Noticed a five-headed hydra
 17019 | Lair:3   | Killed a five-headed hydra
 17042 | Lair:3   | Reached XP level 13. HP: 63/76 MP: 2/27
 17328 | Lair:3   | Reached skill level 1 in Short Blades
 17944 | Lair:3   | Reached **** piety under Sif Muna
 18036 | Lair:3   | Reached skill level 1 in Poison Magic
 18906 | Lair:4   | Found a hole to the Spider Nest.
 19012 | Lair:4   | Reached skill level 5 in Hexes
 19264 | Lair:4   | Found a staircase to the Swamp.
 19279 | Lair:4   | Mangled by a black mamba

Illustrated notes

Levels and vault maps discovered:
D:1:      dpeg_arrival_lava_temple_mockup, layout_rooms, serial_shops,
          nicolae_shop_behind_doors, shapermc_ecumenical_altar_rom_forum,
          hangedman_decor_riveting, grunt_decor_clamped, serial_bayou_pond_d,
          chequers_serial_rivers_micro_a, minmay_pentomino_w4
D:2:      layout_rooms
D:3:      layout_rooms, serial_forest, infiniplex_forest_end_3,
          infiniplex_forest_end_1, infiniplex_forest_clump_small,
          infiniplex_forest_clump_cross, infiniplex_forest_straight_4,
          infiniplex_forest_clump_long, uniq_natasha
D:4:      layout_basic
D:5:      layout_cave_pools, fedhas_altar_3, minmay_temple_entry_proselytizer,
          uniq_duvessa
D:6:      layout_basic, st_stairs_5, uniq_menkaure, uniq_blork_the_orc
D:7:      layout_rooms, grunt_decor_fettered, hangedman_abyss_or_decor_passed
D:8:      minmay_inner_zag, layout_loops_cross, grunt_lair_entry_orc_guard_hut
D:9:      layout_basic, serial_shops, nicolae_shop_hallway_plus,
          chequers_serial_rivers_room_b
D:10:     layout_rooms
D:11:     layout_loops_ring, david_orc_3, lemuel_zombie_altar_yredelemnul
Temple:   mainiacjoe_temple_archimedes_tessellation
Lair:1:   layout_chaotic_city, roderic_batcave, chequers_serial_rivers_micro_c,
          grunt_megastairs_3, serial_bayou_shore_b, lemuel_fruit_fields
Lair:2:   layout_chaotic_city, minivault_24, minmay_lair_oklob_bushes
Lair:3:   layout_regular_city, chequers_serial_rivers_small_a,
          columned_hall_lemuel, forest_entry_grove
Lair:4:   layout_roguey, minmay_swamp_entry_swarm, spider_nest_entry_a,
          lemuel_fruit_tree

Skill      XL: |  1  2  3  4  5  6  7  8  9 10 11 12 13 |
---------------+----------------------------------------+-----
Stealth        | 3 4 5 6 |  6.5
Conjurations   | 2 3 4 5 6 7 8 9 |  9.9
Spellcasting   | 3 4 6 7 9 10 11 | 11.5
Fire Magic     | 4 5 6 7 8 9 10 11 | 11.5
Fighting       | 1 2 3 |  3.0
Dodging        | 3 4 5 |  5.9
Hexes          | 1 2 3 4 5 |  5.1
Evocations     | 1 |  1.1
Staves         | 1 |  1.7
Shields        | 1 2 |  2.2
Summonings     | 3 |  3.9
Invocations    | 4 5 6 |  6.0
Ice Magic      | 2 3 |  3.8
Short Blades   | 2 |  2.0
Poison Magic   | 1 |  1.9
Transmutations | |  0.7
Air Magic      | |  0.3

Action                   |  1- 3 |  4- 6 |  7- 9 | 10-12 | 13-15 || total
-------------------------+-------+-------+-------+-------+-------++-------
Melee: Unarmed           |     5 |       |       |       |       ||     5
       Constrict         |     6 |     5 |    13 |    12 |     5 ||    41
       Tentacles         |     3 |       |    10 |    17 |     9 ||    39
       Dagger            |     9 |     7 |     1 |    39 |    44 ||   100
       Staff             |       |     6 |    45 |    53 |     8 ||   112
 Cast: Foxfire           |    67 |    95 |   149 |   316 |    79 ||   706
       Inner Flame       |       |       |    10 |    41 |    23 ||    74
       Scorch            |       |       |    13 |    46 |     8 ||    67
       Conjure Flame     |       |       |     4 |     3 |     1 ||     8
       Flame Wave        |       |       |     7 |    18 |     5 ||    30
       Summon Guardian G |       |       |       |    13 |     2 ||    15
       Hailstorm         |       |       |       |    12 |     3 ||    15
       Mephitic Cloud    |       |       |       |     7 |     8 ||    15
       Call Canine Famil |       |       |       |     5 |       ||     5
       Ignite Poison     |       |       |       |       |     1 ||     1
Invok: Channel Magic     |       |       |       |     4 |       ||     4
Evoke: Wand              |       |       |     4 |       |       ||     4
  Use: Scroll            |       |       |     7 |    16 |     2 ||    25
       Potion            |       |       |     2 |     5 |     1 ||     8
 Stab: Sleeping          |       |       |     2 |     3 |       ||     5
       Confused          |       |       |       |     1 |     3 ||     4
Armor: Skin              |     4 |       |     1 |    21 |    16 ||    42
Dodge: Dodged            |    21 |    19 |    58 |   232 |    97 ||   427
Block: Other             |       |     6 |    13 |    45 |    25 ||    89

Table legend: (Time is in decaauts)
 A = Elapsed time spent in this place.
 B = Non-inter-level travel time spent in this place.
 C = Inter-level travel time spent in this place.
 D = Time resting spent in this place.
 E = Time spent auto-exploring this place.
 F = Levels seen in this place.
 G = Mean time per level.
                   A        B        C        D        E       F      G
               +--------+--------+--------+--------+--------+-----+--------+
         Total |  19290 |  18934 |    356 |   1285 |  13771 |  16 | 1205.6 |
       Dungeon |  13298 |  13017 |    281 |    862 |   9616 |  11 | 1208.9 |
        Temple |    223 |    214 |      9 |      0 |    188 |   1 |  223.0 |
          Lair |   5767 |   5701 |     66 |    423 |   3967 |   4 | 1441.8 |
               +--------+--------+--------+--------+--------+-----+--------+

Top non-repeatable levels by time:
  Lair:3: 2147 daAuts
  Lair:1: 1730 daAuts
     D:1: 1564 daAuts
     D:6: 1488 daAuts
     D:4: 1486 daAuts
     D:9: 1473 daAuts
  Lair:2: 1423 daAuts
    D:11: 1403 daAuts
     D:8: 1364 daAuts
     D:3: 1114 daAuts
     D:7: 1010 daAuts
    D:10: 897 daAuts
     D:5: 883 daAuts
     D:2: 611 daAuts
  Lair:4: 466 daAuts
